 Dungeon Crawl Stone Soup version 0.27.1-33-g824d729ab1 (webtiles) character file.

Game seed: 7933475368225893727

40 jlumianski the Skirmisher (level 3, 0/24 HPs)
             Began as a Gargoyle Monk on Dec 10, 2021.
             Slain by a kobold brigand (4 damage)
             ... on level 3 of the Dungeon.
             The game lasted 00:05:49 (1751 turns).

jlumianski the Skirmisher (Gargoyle Monk)           Turns: 1751, Time: 00:05:50

Health: 0/24       AC:  6    Str: 15    XL:     3   Next: 50%
Magic:  3/3        EV: 12    Int: 10    God:
Gold:   41         SH:  0    Dex: 12    Spells: 2/2 levels left

rFire    + . .     SeeInvis .   a - +0 hand axe
rCold    . . .     Faith    .   (no shield)
rNeg     + . .     Spirit   .   b - +0 robe
rPois    ∞         Reflect  .   (no helmet)
rElec    +         Harm     .   (no cloak)
rCorr    .         Rampage  .   f - +0 pair of gloves
Will     .....                  (no boots)
Stlth    ++........             (no amulet)
HPRegen  0.08/turn              k - ring of protection from fire
MPRegen  0.08/turn              (no ring)

@: no status effects
A: sickness immunity, AC +3, negative energy resistance 1, electricity
resistance, torment resistance 1, petrification resistance
a: no special abilities


You were on level 3 of the Dungeon.
You visited 1 branch of the dungeon, and saw 3 of its levels.

You collected 41 gold pieces.

Inventory:

Hand Weapons
 a - a +0 hand axe (weapon)
 g - a +0 hunting sling
Missiles
 e - 82 stones
 h - 15 bolts
 i - 5 boomerangs (quivered)
Armour
 b - a +0 robe (worn)
 f - a +0 pair of gloves (worn)
Jewellery
 k - a ring of protection from fire (left hand)
Scrolls
 d - a scroll of noise
 m - a scroll of enchant armour {unknown}
Potions
 c - a potion of mutation
 j - a potion of might {unknown}
 l - a potion of haste {unknown}
 n - a potion of curing {unknown}


   Skills:
 + Level 3.8 Fighting
 + Level 3.2 Axes
 + Level 0.1 Slings
 + Level 2.6 Dodging
 + Level 2.5 Stealth


You had 2 spell levels left.
You didn't know any spells.
Your spell library was empty.

Dungeon Overview and Level Annotations

Branches:
Dungeon (3/15)

Altars:
Nemelex Xobeh
Yredelemnul


Innate Abilities, Weirdness & Mutations

You are immune to sickness and miasma.
Your stone body is resilient. (AC +3)
You are immune to poison.
You resist negative energy. (rN+)
You are resistant to electric shocks. (rElec)
You are resistant to unholy torment.
You are immune to petrification.


Message History

You shoot a stone.
The stone closely misses the kobold brigand.
Fire: 83 stones
Press: ? - help, Q - select action, (/) - cycle Shift-Dir - straight line, f/p - kobold brigand
Aim: a kobold brigand, wielding a +0 dagger and quivering curare-tipped darts (moderately wounded, 50% to hit)
You shoot a stone.
The stone closely misses the kobold brigand.
The kobold brigand throws a curare-tipped dart.
The curare-tipped dart hits you.
a - a +0 hand axe (weapon)
The kobold brigand throws a curare-tipped dart.
The curare-tipped dart hits you.
The kobold brigand hits you with a +0 dagger.
You hit the kobold brigand but do no damage.
The kobold brigand is moderately wounded.
The kobold brigand hits you with a +0 dagger!
You hit the kobold brigand.
The kobold brigand is heavily wounded.
The kobold brigand closely misses you.
You hit the kobold brigand but do no damage.
The kobold brigand is heavily wounded.
The kobold brigand hits you with a +0 dagger.
You hit the kobold brigand but do no damage.
The kobold brigand is heavily wounded.
The kobold brigand hits you but does no damage.
You hit the kobold brigand.
The kobold brigand is heavily wounded.
The kobold brigand closely misses you.
You miss the kobold brigand.
The kobold brigand is heavily wounded.
The kobold brigand hits you with a +0 dagger.
You closely miss the kobold brigand.
The kobold brigand is heavily wounded.
The kobold brigand barely misses you.
The kobold brigand hits you with a +0 dagger.
* * * LOW HITPOINT WARNING * * *
You barely miss the kobold brigand.
The kobold brigand is heavily wounded.
The kobold brigand hits you with a +0 dagger.
You die...

..........###..
...............# ...#
...........#....##...###
..#................)....
#####....###..........(.
##....# ........(( .
#..#.#####...#(#...
#........##........
#......<...@K....(.
##...†..............
###....>..............
#...#...........#.##..
#.................# .
#....#...........####..
#..................... .
#.................###
... #.............#.≈.#
#....


You could see a kobold brigand.

Vanquished Creatures
  2 ball pythons (D:1)
  6 bats
  4 endoplasms
  A giant cockroach (D:1)
  4 goblins
  4 hobgoblins
  2 jackals (D:1)
  3 kobolds (D:1)
  4 quokkas
  2 frilled lizards
  2 rats (D:1)
34 creatures vanquished.

Vanquished Creatures (others)
  5 plants (D:2)
5 creatures vanquished.

Grand Total: 39 creatures vanquished

Notes
Turn   | Place    | Note
-------+----------+-------------------------------------------
     0 | D:1      | jlumianski the Gargoyle Monk began the quest for the Orb.
     0 | D:1      | Reached XP level 1. HP: 14/14 MP: 1/1
   275 | D:1      | Found a faded altar of an unknown god.
   299 | D:1      | Reached XP level 2. HP: 12/19 MP: 2/2
  1025 | D:1      | Reached XP level 3. HP: 24/24 MP: 3/3
  1627 | D:3      | Found a sparkling altar of Nemelex Xobeh.
  1691 | D:3      | Found a basalt altar of Yredelemnul.
  1735 | D:3      | Noticed a kobold brigand
  1751 | D:3      | Slain by a kobold brigand

Illustrated notes

Levels and vault maps discovered:
D:1:      dpeg_arrival_lava_temple_mockup, layout_basic,
          dreamdust_ecumenical_altar_angels_and_demons, bh_walls_and_bars
D:2:      layout_loops_ring, chequers_serial_rivers_micro_a,
          serial_bayou_pond_a, corexii_corridor_pit
D:3:      layout_rooms, mainiacjoe_overflow_tiny_flanked,
          mainiacjoe_overflow_boulevard, minivault_14

Skill      XL: |  1  2 |
---------------+-------+-----
Axes           | 3 |  3.2
Fighting       | |  3.8
Slings         | |  0.1
Dodging        | |  2.6
Stealth        | |  2.5

Action                   || total
-------------------------++-------
Melee: Hand axe          ||   101
 Fire: Hunting sling     ||    20
Throw: Boomerang         ||     1
  Use: Scroll            ||     3
       Potion            ||     1
 Stab: Sleeping          ||     5
Armor: Robe              ||    27
Dodge: Dodged            ||    67
